 Dungeon Crawl Stone Soup version 0.22-a0-469-gf26638a (webtiles) character file.

2 varam the Magician (level 1, 0/11 HPs)
             Began as an Octopode Wizard on June 13, 2018.
             Slain by a rat (3 damage)
             ... on level 1 of the Dungeon.
             The game lasted 00:01:31 (235 turns).

varam the Magician (Octopode Wizard)                 Turns: 235, Time: 00:01:31

Health: 0/11       AC:  1    Str:  6    XL:     1   Next: 40%
Magic:  4/4        EV: 13    Int: 20    God:
Gold:   0          SH:  0    Dex: 10    Spells: 5/6 levels left

rFire    . . .     SeeInvis .   (no weapon)
rCold    . . .     Gourm    .   (no shield)
rNeg     . . .     Faith    .   a - +0 hat
rPois    .         Spirit   .   (no amulet)
rElec    .         Reflect  .   (no ring)
rCorr    .         Harm     .   (no ring)
MR       .....                  (no ring)
Stlth    +++.......             (no ring)
HPRegen  0.03/turn              (no ring)
MPRegen  0.09/turn              (no ring)
                                (no ring)
                                (no ring)

@: no status effects
A: almost no armour, stealthy swim, amphibious, 8 rings, constrict 8, camouflage
1, gelatinous body 1
a: no special abilities


You were on level 1 of the Dungeon.
You were not hungry.

You visited 1 branch of the dungeon, and saw 1 of its levels.

Inventory:

Armour
 a - a +0 hat (worn)
Scrolls
 g - a scroll of immolation {unknown}
Potions
 c - a potion of agility {unknown}
Comestibles
 d - 2 chunks of flesh
 e - 2 rations


   Skills:
 + Level 2.1 Dodging
 - Level 2.6 Stealth
 + Level 0.4 Unarmed Combat
 - Level 3.0 Spellcasting
 - Level 1.0 Conjurations
   Level 1.0 Summonings
   Level 1.0 Translocations


You had 5 spell levels left.
You knew the following spells:

 Your Spells              Type           Power        Failure   Level  Hunger
a - Magic Dart            Conj           #...         10%         1    None

Your spell library contained the following spells:

 Spells                   Type           Power        Failure   Level  Hunger
 Conjure Flame            Conj/Fire      #.......     34%         3    ###....
 Slow                     Hex            #.......     22%         2    ##.....
 Mephitic Cloud           Conj/Pois/Air  #.......     36%         3    ###....
 Blink                    Tloc           N/A          14%         2    ##.....
 Call Imp                 Summ           #.......     14%         2    ##.....


Dungeon Overview and Level Annotations

Branches:
Dungeon (1/15)

Altars:


Innate Abilities, Weirdness & Mutations

You cannot wear most types of armour.
You are very stealthy in the water. (Stealth+)
You are amphibious.
You can wear up to eight rings at the same time.
You can use your tentacles to constrict eight enemies at once.
Your skin changes colour to match your surroundings (Stealth+).
Your rubbery body absorbs attacks. (AC +1, EV +1)


Message History

The leopard gecko hisses angrily.
You barely miss the leopard gecko. Your grab misses the leopard gecko.
Your squeeze misses the leopard gecko. The leopard gecko bites you.
You miss the leopard gecko. Your grab misses the leopard gecko.
The leopard gecko barely misses you.
You closely miss the leopard gecko. Your grab misses the leopard gecko.
The leopard gecko barely misses you.
You miss the leopard gecko. Your grab misses the leopard gecko.
The leopard gecko bites you.
* * * LOW HITPOINT WARNING * * *
As you read the scroll labeled FEYKYS IZEAGAIHIA, it crumbles to dust.
You feel strangely unstable.
It was a scroll of teleportation.
The leopard gecko barely misses you. The leopard gecko bites you.
* * * LOW HITPOINT WARNING * * *
Your surroundings suddenly seem different.
A rat comes into view.
Found four items.
A hobgoblin comes into view.
It was a potion of magic.
Magic courses through your body. The rat bites you.
You die...

.. #.# .# #.........# ...
#.# .# #..#.######
....####.###.####.......#
.......#......# #...###.#
....?.........# #.......#
....!.........# #...#####
........?.....# #.#.#
......$..#r#......#.#
#####.#.##@# ######.# ####
#.#....# #.##§§≈≈#
g.....#### #.#§§≈§§#
....... #.#§§#§ # ......#
#.#≈§§§§# .... #.#§§§§§# ..
######### #.#§≈§§§# .##
##.......######.#≈§≈§§#
....#...............#§§#§§#


You could see a rat.

Vanquished Creatures
  A bat (D:1)
  A giant cockroach (D:1)
2 creatures vanquished.

Notes
Turn   | Place    | Note
-------+----------+-------------------------------------------
     0 | D:1      | varam the Octopode Wizard began the quest for the Orb.
     0 | D:1      | Reached XP level 1. HP: 11/11 MP: 4/4
   235 | D:1      | Slain by a rat

Vault maps used:
D:1:      saegor_arrival_miasma

Action                   || total
-------------------------++-------
Melee: Unarmed           ||    13
       Constrict         ||     5
       Tentacles         ||     1
  Use: Scroll            ||     1
       Potion            ||     1
 Stab: Sleeping          ||     1
Armor: Skin              ||     2
Dodge: Dodged            ||    20

Table legend:
 A = Spawn XP
 B = Non-spawn XP
 C = Spawn XP percentage of total XP
 D = Spawn monster count
 E = Non-spawn monster count
 F = Spawn count percentage of total count
 G = Total turns spent on level
                    A         B        C        D         E        F      G
               +---------+---------+-------+---------+---------+-------+---------
         Total |       0 |       4 |   0.0 |       0 |       2 |   0.0 |   235
               +---------+---------+-------+---------+---------+-------+---------
           D:1 |       0 |       4 |   0.0 |       0 |       2 |   0.0 |   235
               +---------+---------+-------+---------+---------+-------+---------
